 Dungeon Crawl Stone Soup version 0.27-a0-346-ga689d4a613 (webtiles) character file.

Game seed: 15713344031835700036

9 kae the Ruffian (level 2, 0/23 HPs)
             Began as a Draconian Transmuter on Feb 15, 2021.
             Slain by a kobold
             ... wielding a +0 whip of electrocution
              (17 damage)
             ... on level 1 of the Dungeon.
             The game lasted 00:00:10 (634 turns).

kae the Ruffian (Draconian Transmuter)               Turns: 634, Time: 00:00:10

Health: 0/23       AC:  4    Str: 12    XL:     2   Next: 3%
Magic:  4/5        EV: 12    Int: 13    God:
Gold:   0          SH:  0    Dex: 11    Spells: 4/5 levels left

rFire    . . .     SeeInvis .     - Unarmed
rCold    . . .     Faith    .   (no shield)
rNeg     . . .     Spirit   .   (armour unavailable)
rPois    .         Reflect  .   (helmet currently unavailable)
rElec    .         Harm     .   (no cloak)
rCorr    .         Rampage  .   (no gloves)
Will     .....                  (boots currently unavailable)
Stlth    +.........             (no amulet)
HPRegen  0.07/turn              (no ring)
MPRegen  0.09/turn              (no ring)

@: appendages (expiring)
A: unfitting armour, horns 2, talons 2, cold-blooded, AC +4
a: End Transformation


You were on level 1 of the Dungeon.
You had grown temporary horns.
You had grown temporary talons.
You visited 1 branch of the dungeon, and saw 1 of its levels.

Inventory:

Jewellery
 e - an amulet of regeneration {unknown}
Scrolls
 b - a scroll of enchant armour {unknown}
 d - 4 scrolls of enchant weapon {unknown}
Potions
 a - a potion of flight {unknown}
 c - a potion of brilliance {unknown}


   Skills:
 + Level 1.3 Fighting
 + Level 1.9 Dodging
 * Level 3.2 Unarmed Combat
 + Level 2.1 Spellcasting
 + Level 2.1 Transmutations


You had 4 spell levels left.
You knew the following spells:

 Your Spells              Type           Power        Failure   Level
a - Beastly Appendage     Tmut           12%          11%         1

Your spell library contained the following spells:

 Spells                   Type           Power        Failure   Level
 Wereblood                Tmut           6%           16%         2
 Spider Form              Tmut/Pois      2%           43%         3
 Ice Form                 Ice/Tmut       4%           85%         4
 Blade Hands              Tmut           3%           96%         5


Dungeon Overview and Level Annotations

Branches:
Dungeon (1/15)

Altars:


Innate Abilities, Weirdness & Mutations

Your plain brown scales are hard. (AC +4)
You cannot fit into any form of body armour.
You are cold-blooded and may be slowed by cold attacks.
You have a pair of horns on your head.
You have razor-sharp toenails.


Message History

You grow a pair of large bovine horns.
Your feet morph into talons.
The bat misses you. The bat closely misses you.
You hit the bat. You claw the bat.
You kill the bat!
No target in view!
Your transformation is almost over.
Magic restored.
Your horns disappear.
Your talons disappear.
A hobgoblin comes into view.
The hobgoblin shouts!
You barely miss the hobgoblin.
A hobgoblin is nearby!
You punch the hobgoblin!
You kill the hobgoblin!
You have reached level 2!
d - 3 scrolls labelled YMUMMI LEMUH
Found a spear.
d - 4 scrolls labelled YMUMMI LEMUH (gained 1)
You open the door.
There is an open door here.
e - a twisted pearl amulet
There is an open door here.
A kobold comes into view.
It is wielding a +0 whip of electrocution.
You see here a bat corpse.
A kobold is nearby!
A kobold is nearby!
The kobold shouts!
Casting: Beastly Appendage (safe; 11% risk of failure)
Confirm with . or Enter, or press ? or * to list all spells.
You grow a pair of large bovine horns.
Your feet morph into talons.
You hit the kobold.
The kobold is severely wounded.
The kobold misses you.
You hit the kobold but do no damage.
The kobold is severely wounded.
Your transformation is almost over.
The kobold hits you with a +0 whip of electrocution.
You are electrocuted!
Ouch! That really hurt!
You die...

........# #.. ....
..###.#####.. ..#
#.#......##.. ..#
#.#.#.##.##.. ..#
##.#.#.##.##.. #.#
#....#.#...... #.#
#..###.#####.. #K#
#............. #@#
#.####.###.... #.# #.#
#.###.... #†# #.#
#...... ###'###.#
#.##... #.......#
#.#.... ##########
#.......# ##+#+#..
.........# #.......#
#....... .........#
###.......# #.......
.........#
#......##.#####.......


You could see a kobold.

Vanquished Creatures
  A dart slug (D:1)
  A leopard gecko (D:1)
  2 bats (D:1)
  A hobgoblin (D:1)
5 creatures vanquished.

Notes
Turn   | Place    | Note
-------+----------+-------------------------------------------
     0 | D:1      | kae the Draconian Transmuter began the quest for the Orb.
     0 | D:1      | Reached XP level 1. HP: 16/16 MP: 3/3
   495 | D:1      | Reached XP level 2. HP: 23/23 MP: 5/5
   634 | D:1      | Slain by a kobold

Illustrated notes

Levels and vault maps discovered:
D:1:      sevenhm_arrival_forest_fort_large_2, layout_basic

Action                   || total
-------------------------++-------
Melee: Unarmed           ||    28
       Tailslap          ||     2
       Kick              ||     1
 Cast: Beastly Appendage ||     4
Armor: Skin              ||     6
Dodge: Dodged            ||    16

Table legend: (Time is in decaauts)
 A = Elapsed time spent in this place.
 B = Non-inter-level travel time spent in this place.
 C = Inter-level travel time spent in this place.
 D = Time resting spent in this place.
 E = Time spent auto-exploring this place.
 F = Levels seen in this place.
 G = Mean time per level.
                   A        B        C        D        E       F      G
               +--------+--------+--------+--------+--------+-----+--------+
         Total |    632 |    632 |      0 |    182 |    395 |   1 |  632.0 |
       Dungeon |    632 |    632 |      0 |    182 |    395 |   1 |  632.0 |
               +--------+--------+--------+--------+--------+-----+--------+

Top non-repeatable levels by time:
     D:1: 632 daAuts
